 Dungeon Crawl Stone Soup version 0.21.0-8-gf18e19db4a (webtiles) character file.

101 topfpflanze the Chiller (level 5, -1/36 HPs)
             Began as a Human Ice Elementalist on Jan 17, 2018.
             Slain by an orc (2 damage)
             ... on level 3 of the Dungeon.
             The game lasted 00:04:31 (2213 turns).

topfpflanze the Chiller (Human Ice Elementalist)    Turns: 2213, Time: 00:04:31

Health: -1/36      AC:  2    Str:  8    XL:     5   Next: 4%
Magic:  0/9        EV: 12    Int: 17    God:
Gold:   102        SH:  0    Dex: 13    Spells: 7/10 levels left

rFire    . . .     SeeInvis .   l - +0 whip
rCold    . . .     Gourm    .   (no shield)
rNeg     . . .     Faith    .   a - +0 robe
rPois    .         Spirit   .   (no helmet)
rElec    .         Reflect  .   (no cloak)
rCorr    .         Harm     .   (no gloves)
MR       .....                  (no boots)
Stlth    ++........             (no amulet)
HPRegen  0.12/turn              (no ring)
MPRegen  0.11/turn              (no ring)

@: very slightly contaminated, hasted, very quick
A: no striking features
a: no special abilities


You were on level 3 of the Dungeon.
You were not hungry.

You visited 1 branch of the dungeon, and saw 3 of its levels.

You collected 102 gold pieces.

Inventory:

Hand Weapons
 l - a +0 whip (weapon)
 n - a cursed -1 dagger
 s - a +3 whip
Armour
 a - a +0 robe (worn)
 j - a +0 buckler
 m - a +0 helmet
Wands
 f - a wand of disintegration (5)
Scrolls
 e - 2 scrolls of amnesia {unknown}
 g - 2 scrolls of fog {unknown}
 h - a scroll of enchant weapon {unknown}
 i - a scroll of identify {unknown}
 k - a scroll of immolation {unknown}
 o - 2 scrolls of remove curse {unknown}
Books
 b - a book of Frost

   Spells                             Type                      Level
   a - Freeze                         Ice                          1
   b - Throw Frost                    Conjuration/Ice              2
   c - Ozocubu's Armour               Charms/Ice                   3
   d - Throw Icicle                   Conjuration/Ice              4
   e - Summon Ice Beast               Ice/Summoning                4
Comestibles
 c - 2 rations
 r - a chunk of flesh


   Skills:
 + Level 0.6 Fighting
 + Level 2.3 Dodging
 - Level 2.0 Stealth
 * Level 3.0 Spellcasting
 - Level 1.1 Conjurations
 * Level 4.2 Ice Magic


You had 7 spell levels left.
You knew the following spells:

 Your Spells              Type           Power        Failure   Level  Hunger
a - Freeze                Ice            ###.         3%          1    None
b - Throw Frost           Conj/Ice       ##....       9%          2    ##.....


Dungeon Overview and Level Annotations

Branches:
Dungeon (3/15)

Altars:

Annotations:
D:2 Jessica


Message History

Aiming: Freeze
Press: ? - help, Shift-Dir - straight line, f - orc
Aim: an orc, wielding a dagger and wearing a ring mail You freeze the orc.
The orc is lightly wounded.
Casting: Freeze
Confirm with . or Enter, or press ? or * to list all spells.
Aiming: Freeze
Press: ? - help, Shift-Dir - straight line, f/p - orc
Aim: an orc, wielding a dagger and wearing a ring mail (lightly wounded)
You freeze the orc.
You kill the orc!
You are too injured to fight recklessly!
You are too injured to fight recklessly!
You closely miss the orc. The orc hits you.
* * * LOW HITPOINT WARNING * * *
You hit the orc.
The orc is lightly wounded.
The orc hits you.
You die...

.. ##. ... #..
.... #.# #....
###.. ...... #
...####.....#
##..###.##@..#
........)o.###
^#####.#### #
#.....# ..##
#...$.#
....##.<...#
#.........#
###........#
...{.......#


You could see an orc.

Vanquished Creatures
  An orc wizard (D:3)
  2 adders
  A dart slug (D:1)
  3 orcs (D:3)
  4 giant cockroaches
  9 goblins
  4 hobgoblins
  5 jackals
  4 bats
  5 frilled lizards (D:1)
  7 kobolds
  7 rats
52 creatures vanquished.

Notes
Turn   | Place    | Note
-------+----------+-------------------------------------------
     0 | D:1      | topfpflanze the Human Ice Elementalist began the quest for the Orb.
     0 | D:1      | Reached XP level 1. HP: 13/13 MP: 3/3
    90 | D:1      | Reached XP level 2. HP: 5/19 MP: 0/5
   470 | D:1      | Learned a level 2 spell: Throw Frost
  1126 | D:1      | Reached XP level 3. HP: 24/24 MP: 3/6
  1819 | D:2      | Found a faded altar of an unknown god.
  1822 | D:2      | Reached XP level 4. HP: 13/30 MP: 2/8
  2083 | D:2      | Reached skill level 4 in Ice Magic
  2148 | D:2      | Noticed Jessica
  2204 | D:3      | Reached XP level 5. HP: 4/36 MP: 5/9
  2212 | D:3      | HP: 1/36 [orc (3)]
  2213 | D:3      | Slain by an orc

Skill      XL: |  1  2  3  4 |
---------------+-------------+-----
Ice Magic      | 4 |  4.2
Spellcasting   | 3 |  3.0
Fighting       | |  0.6
Dodging        | |  2.3
Stealth        | |  2.0
Conjurations   | |  1.1

Action                   |  1- 3 |  4- 6 || total
-------------------------+-------+-------++-------
Melee: Unarmed           |    23 |       ||    23
       Whip              |    16 |    27 ||    43
 Cast: Freeze            |    43 |    13 ||    56
       Throw Frost       |    16 |     9 ||    25
  Use: Potion            |       |     3 ||     3
  Eat: Chunk             |     4 |     2 ||     6
Armor: Robe              |    15 |     3 ||    18
Dodge: Dodged            |    50 |    33 ||    83
